 Dungeon Crawl Stone Soup version 0.26.1-11-gd32895ea62 (webtiles) character file.

Game seed: 4429038897262236972

131 buriedalive the Chiller (level 4, -4/24 HPs)
             Began as a Deep Elf Ice Elementalist on May 17, 2021.
             Killed by divine providence
             ... invoked by an orc priest
              (15 damage)
             ... on level 2 of the Dungeon.
             The game lasted 00:04:03 (2229 turns).

buriedalive the Chiller (Deep Elf Ice Elementalist) Turns: 2229, Time: 00:04:05

Health: -4/24      AC:  7    Str:  5    XL:     4   Next: 91%
Magic:  12/12      EV: 13    Int: 21    God:
Gold:   127        SH:  0    Dex: 15    Spells: 11/12 levels left

rFire    . . .     SeeInvis .   d - +0 dagger
rCold    . . .     Faith    .   (no shield)
rNeg     . . .     Spirit   .   j - +0 leather armour
rPois    .         Reflect  .   i - +2 helmet
rElec    .         Harm     .   (no cloak)
rCorr    .         Rampage  .   b - +0 pair of gloves
Will     .....                  (no boots)
Stlth    ++........             (no amulet)
HPRegen  0.08/turn              (no ring)
MPRegen  0.13/turn              (no ring)

@: no status effects
A: no striking features
a: no special abilities


You were on level 2 of the Dungeon.
You visited 1 branch of the dungeon, and saw 2 of its levels.

You collected 127 gold pieces.

Inventory:

Hand Weapons
 d - a +0 dagger (weapon)
Missiles
 c - 109 stones
 q - 20 poisoned darts
Armour
 a - a +0 robe
 b - a +0 pair of gloves (worn)
 i - a +2 helmet (worn)
 j - a +0 leather armour (worn)
Jewellery
 f - an uncursed ring of willpower {unknown}
Wands
 n - a wand of random effects (7)
Scrolls
 e - 3 scrolls of remove curse {unknown}
 g - a scroll of immolation {unknown}
 h - 2 scrolls of fear {unknown}
 l - a scroll of fog {unknown}
 o - a scroll of enchant armour {unknown}
Potions
 k - a potion of lignification {unknown}
 m - a potion of resistance {unknown}
 p - a potion of might {unknown}


   Skills:
 + Level 4.0 Dodging
 - Level 2.4 Stealth
 + Level 4.6 Spellcasting
 + Level 5.4 Ice Magic


You had 11 spell levels left.
You knew the following spells:

 Your Spells              Type           Power        Failure   Level
a - Freeze                Ice            100%         1%          1

Your spell library contained the following spells:

 Spells                   Type           Power        Failure   Level
 Frozen Ramparts          Ice            54%          6%          3
 Ozocubu's Armour         Ice            27%          6%          3
 Hailstorm                Conj/Ice       16%          52%         4
 Summon Ice Beast         Ice/Summ       16%          52%         4


Dungeon Overview and Level Annotations

Branches:
Dungeon (2/15)

Altars:


Message History

You now have 127 gold pieces (gained 9).
An orc and an orc priest come into view.
The orc priest shouts!
The orc shouts!
You hear a shout! x3
The orc priest moves out of view. 3 orcs and 2 orc priests come into view.
The orc priest calls down the wrath of Beogh upon you.
Pain shoots through your body!
The orc shouts!
The orc shouts!
The orc priest mumbles some strange prayers to Beogh against you.
Beogh smites you! The orc hits you but does no damage.
The orc priest begins to cast a cantrip, but forgets the words!
Found 31 gold pieces.
You are too injured to fight recklessly!
Unknown command.
The orc barely misses you.
The orc priest calls down the wrath of Beogh upon you.
Beogh smites you!
Ouch! That really hurt!
You die...

#.######....)......#
#........>########.#
# #.######..# #.# #
#.# #..# #.# #
#.#### #..# #.#
#....# #>.###### #.#
####.# #.......# #.#
#.###....##.###.#
#.........@..##.#
#).#.....oo#....#
####..#.≈...≈o#.####
## #.)...#...o.oo#.#
.# #.###.#......o#.#
.# #.# .#.......#.#
.# #.# .#.≈...≈.#.#
.# #.# .#.......#.#
.# #.# .##.....##.#


You could see 3 orc priests and 4 orcs.

Vanquished Creatures
  Jessica (D:2)
  Terence (D:2)
  Robin (D:2)
  An adder (D:2)
  A worm (D:2)
  A dart slug (D:2)
  A leopard gecko (D:2)
  3 orcs (D:2)
  A ball python (D:1)
  9 goblins
  12 hobgoblins
  3 jackals (D:2)
  5 kobolds
  6 bats (D:1)
  2 frilled lizards (D:2)
48 creatures vanquished.

Notes
Turn   | Place    | Note
-------+----------+-------------------------------------------
     0 | D:1      | buriedalive the Deep Elf Ice Elementalist began the quest
                  | for the Orb.
     0 | D:1      | Reached XP level 1. HP: 10/10 MP: 6/6
   393 | D:1      | Reached XP level 2. HP: 7/15 MP: 5/8
  1213 | D:2      | Reached XP level 3. HP: 19/19 MP: 10/10
  1250 | D:2      | Noticed Terence
  1261 | D:2      | Killed Terence
  1262 | D:2      | Reached skill level 5 in Ice Magic
  1379 | D:2      | Noticed Jessica
  1385 | D:2      | Killed Jessica
  1386 | D:2      | Reached XP level 4. HP: 24/24 MP: 10/12
  1918 | D:2      | Noticed Robin
  1931 | D:2      | Killed Robin
  2229 | D:2      | Killed from afar by an orc priest

Illustrated notes

Levels and vault maps discovered:
D:1:      co_arrival_square_in_a_square_in_a_square, layout_basic, st_stairs_14
D:2:      cheibrodos_pilgrimage, layout_loops_ring, uniq_jessica, uniq_terence,
          uniq_robin

Skill      XL: |  1  2  3  4 |
---------------+-------------+-----
Dodging        | 3 4 |  4.0
Spellcasting   | 4 |  4.6
Ice Magic      | 5 |  5.4
Stealth        | |  2.4

Action                   |  1- 3 |  4- 6 || total
-------------------------+-------+-------++-------
Melee: Unarmed           |     8 |       ||     8
       Dagger            |    24 |    32 ||    56
 Cast: Freeze            |    33 |    31 ||    64
 Stab: Sleeping          |     3 |     1 ||     4
Armor: Robe              |     4 |       ||     4
       Leather armour    |     9 |    20 ||    29
Dodge: Dodged            |    40 |    28 ||    68
